[Event "Romanian Rapid Open 2022"]
[Site "Sebes"]
[Date "2022.12.02"]
[Round "6.16"]
[White "Talu, Mircea"]
[Black "Dragomirescu, Calin"]
[Result "1-0"]
[ECO "E60"]
[WhiteElo "2327"]
[BlackElo "1971"]
[Annotator "TA"]
[PlyCount "65"]
[EventDate "2022.12.02"]
[EventType "rapid"]
[EventCountry "ROU"]
[SourceTitle "playchess.com"]
[Source "ChessBase"]
[SourceQuality "1"]
[TimeControl "600+5"]

1. Nf3 Nf6 2. b3 g6 3. Bb2 Bg7 4. c4 O-O 5. g3 d6 6. d4 c6 7. Bg2 Bf5 {[%emt 0:00:03] is now more promising than 7...Nbd7. E60: King's Indian: Unusual lines and Fianchetto Variation without Nc3.} 8. O-O Qc8 9. Re1 Bh3 {[%emt 0:00:07] White is slightly better.} 10. Bh1 a5 {[%emt 0:00:04] [#]} 11. e4 $146 (11. Nc3 {simplifies} h6 12. Bg2 Bxg2 13. Kxg2 Nbd7 14. e4) ({Predecessor:} 11. Nc3 Na6 12. a3 Nc7 13. e4 Re8 14. Qc2 e5 15. dxe5 dxe5 16. Na4 Nd7 17. Bg2 Bxg2 18. Kxg2 {1-0 (50) Narayanan,S (2618)-Ismagambetov,A (2528) Chess.com INT 2020}) 11... d5 12. e5 Ne4 13. Nbd2 (13. cxd5 {feels hotter.} cxd5 14. Nfd2 Nxd2 15. Nc3) 13... Nxd2 14. Qxd2 (14. Nxd2 {simplifies} Be6 15. Rc1 Qd7 16. Bg2) 14... a4 15. cxd5 cxd5 16. Ng5 Be6 {[%emt 0:01:31] [#]} (16... Bh6 $1 $11) 17. Rac1 $1 $36 {[%emt 0:00:21][%cal Ba1c1,Bc1c5,Bc5b5][%mdl 2080] White is in control.} Nc6 18. Nxe6 {[%emt 0:00:31] White is much more active.} (18. b4 $16) 18... Qxe6 $14 19. Rc5 Rfd8 20. Rec1 axb3 21. axb3 h5 22. Rb5 (22. b4 {simplifies} Qf5 23. Rxd5 Rxd5 24. Bxd5 Qd7 25. Bxc6 bxc6 26. Qc3) 22... Ra7 (22... Ra2 $14) 23. Rcc5 (23. b4 $16) 23... Qf5 $11 24. Bxd5 (24. Bg2 $11) 24... Ra2 {[%emt 0:00:25] [#] White must now prevent ...Qb1+.} (24... Rxd5 $5 25. Rxd5 Ra2 $11) 25. Rxb7 Qb1+ 26. Rc1 Qxb2 27. Qxb2 {[%emt 0:00:02] Chess con chili.} Rxb2 28. Bxc6 Rxd4 29. Rxe7 {[%emt 0:00:26] Hoping for Be8.} Rdd2 $1 30. Rf1 {[%emt 0:00:08] And now Be8 would win.} Bf8 31. Rd7 Rxf2 $2 32. Rxf2 $18 Bc5 33. Rdxf7 $1 {[%emt 0:00:05] Weighted Error Value: White=0.18 (very precise) /Black=0.17 (very precise)} 1-0

[Event "Romanian Rapid Open 2022"]
[Site "Sebes"]
[Date "2022.12.02"]
[Round "6.17"]
[White "Cosma, Elena-Luminita"]
[Black "Lupulescu, Adrian-Calin"]
[Result "1-0"]
[ECO "E08"]
[WhiteElo "2244"]
[BlackElo "1930"]
[Annotator "TA"]
[PlyCount "57"]
[EventDate "2022.12.02"]
[EventType "rapid"]
[EventCountry "ROU"]
[SourceTitle "playchess.com"]
[Source "ChessBase"]
[SourceQuality "1"]
[TimeControl "600+5"]

1. d4 d5 2. c4 e6 3. Nf3 c6 4. Qc2 Nf6 5. g3 Nbd7 6. Bg2 Be7 7. O-O O-O 8. b3 b6 9. Bb2 Bb7 10. Nc3 Rc8 11. Rad1 Qc7 12. e4 dxe4 13. Nxe4 Nxe4 14. Qxe4 c5 {[%emt 0:00:11] E08: Closed Catalan: Main Line: 7 Qc2.} 15. Qe2 cxd4 16. Nxd4 Bxg2 {[%emt 0:00:22] The position is equal.} 17. Kxg2 Qb7+ (17... a6 {seems wilder.} 18. Nf5 Bf6 19. Bxf6 Nxf6 20. Nd4 Rfd8) 18. Qf3 Qxf3+ 19. Kxf3 Bf6 {[%emt 0:01:09] [#]} (19... Rfd8 $11) 20. Nb5 $1 $16 Bxb2 21. Rxd7 a6 {[%emt 0:00:01] [#]} 22. Na7 $146 ({Predecessor:} 22. Nc7 Rfd8 23. Rfd1 Rxd7 24. Rxd7 g6 25. a4 a5 26. Nb5 Rb8 27. Ke3 Kg7 28. h4 {1-0 (41) Ushenina,A (2459)-Jackson,J (2311) Douglas 2016}) 22... Rc5 23. Rfd1 e5 24. R1d5 {[%emt 0:00:16] White is more active.} Bd4 (24... f5 $16) 25. Rxc5 Bxc5 26. Nc6 f6 $2 {[%emt 0:00:12] [#]} (26... e4+ $16 {was worth a try.} 27. Kxe4 Re8+ 28. Kf3 a5) 27. b4 $18 Rc8 (27... Bd4 {was called for.} 28. Ra7 a5 29. bxa5 bxa5) 28. Na7 e4+ 29. Kxe4 $2 {[%emt 0:01:59][%mdl 32768] Weighted Error Value: White=0.05 (flawless) /Black=0.35. Sensor Board Error (Ke4/e5)?} (29. Ke2 $18 Rb8 30. bxc5 bxc5 31. Ke3) 1-0

[Event "Romanian Rapid Open 2022"]
[Site "Sebes"]
[Date "2022.12.02"]
[Round "6.18"]
[White "Arion, Ilie"]
[Black "Anton, Teodor"]
[Result "0-1"]
[ECO "E11"]
[WhiteElo "1924"]
[BlackElo "2438"]
[Annotator "TA"]
[PlyCount "66"]
[EventDate "2022.12.02"]
[EventType "rapid"]
[EventCountry "ROU"]
[SourceTitle "playchess.com"]
[Source "ChessBase"]
[SourceQuality "1"]
[TimeControl "600+5"]

1. d4 Nf6 2. c4 e6 3. g3 Bb4+ 4. Bd2 c5 5. Bxb4 cxb4 6. Nf3 O-O 7. Nbd2 d6 8. Bg2 Nc6 9. O-O e5 10. d5 {[%emt 0:00:23] E11: Bogo-Indian.} Ne7 11. e4 Bg4 {[%emt 0:00:12] [#]} 12. h3 $146 {[%emt 0:00:02] White is slightly better.} ({Predecessor:} 12. a3 bxa3 13. Rxa3 Nd7 14. Qc2 Bxf3 15. Nxf3 a5 16. Rfa1 Ra6 17. c5 dxc5 18. Bf1 {0-1 (60) Bitelmajer,M (2320)-Alza,A (2084) Buenos Aires 2006}) 12... Bxf3 13. Qxf3 Nd7 14. Qe3 Ng6 (14... Qb6 $11) 15. f4 (15. a3 $16) 15... exf4 $15 16. gxf4 Re8 (16... Qf6 $5 ) 17. Qg3 (17. Rae1 $11) 17... Qf6 $17 18. Rab1 Nc5 19. Qe3 {[%emt 0:00:19][%cal Oe4e5] Prevents Qd4.} b6 (19... Nh4 $17 20. Rf2 Rac8) 20. Nb3 $15 Nh4 {[%emt 0:00:09] And now ...Nxg2 would win. Black is more active.} 21. Nxc5 bxc5 22. Kh2 (22. Rf2 $11 {and White has nothing to worry.}) 22... Nxg2 $40 {[%emt 0:01:02][%mdl 128] Black attacks with force.} (22... Qg6 23. Bh1 $11) 23. Kxg2 Qg6+ 24. Kf3 Re7 (24... f5 $17 25. e5 dxe5) 25. Rg1 (25. Rbe1 $15) 25... Qh5+ $17 26. Kf2 (26. Kg2 $17) 26... Qh4+ $19 27. Kg2 Rae8 28. Rbe1 {[%emt 0:00:11] [#]} f5 $2 (28... Rxe4 $1 $19 29. Qxe4 Rxe4 30. Rxe4 f5) 29. e5 $1 $11 dxe5 30. d6 $2 (30. Qxc5 $11 Qxf4 31. Qxb4) 30... Re6 $2 (30... exf4 $19 31. Qf2 f3+ 32. Kxf3 Qxh3+ 33. Qg3 Qxg3+ 34. Rxg3 Rxe1) 31. fxe5 {[%emt 0:00:29] [#]} ({White has to play} 31. Qxc5 $15 Rg6+ 32. Kh2) 31... f4 $2 ({Stronger than} 31... Qxc4 32. Qd2 $11) ({Better is} 31... Rxd6 $1 $19 32. Re2 (32. exd6 $2 {is the wrong capture.} Rxe3 33. Rxe3 Qxc4 $19) 32... Rg6+ 33. Kh2 Rxg1 34. Kxg1 Qxc4) 32. Qe4 (32. Qf3 $11) 32... Rxe5 $19 33. Qxe5 Qg3+ {[%emt 0:00:03] Weighted Error Value: White=1.03/Black=0.61} 0-1

[Event "Romanian Rapid Open 2022"]
[Site "Sebes"]
[Date "2022.12.02"]
[Round "6.19"]
[White "Danila, Tudor-Gabriel"]
[Black "Ceteras, Marius-Nicolae"]
[Result "1-0"]
[ECO "C47"]
[WhiteElo "1939"]
[BlackElo "2391"]
[Annotator "TA"]
[PlyCount "99"]
[EventDate "2022.12.02"]
[EventType "rapid"]
[EventCountry "ROU"]
[SourceTitle "playchess.com"]
[Source "ChessBase"]
[SourceQuality "1"]
[TimeControl "600+5"]

1. e4 e5 2. Nf3 Nf6 3. Nc3 Nc6 4. d4 exd4 5. Nxd4 Bb4 6. Nxc6 bxc6 7. Bd3 d5 8. exd5 cxd5 9. O-O O-O 10. h3 {[%emt 0:00:05] C47: Scotch Four Knights and Four Knights with 4 g3.} h6 11. Qf3 c6 12. Bf4 {[%emt 0:00:05] The position is equal.} Bd6 13. Rad1 Re8 {[%emt 0:00:05] [#]} 14. Bxd6 $146 (14. b3 {with more complications.} Bxf4 15. Qxf4 Nh5 16. Qd4) ({Predecessor:} 14. Ne2 Rb8 15. b3 Be6 16. Nd4 Qc7 17. Bxh6 Be5 18. Nxe6 Rxe6 19. Bc1 Rbe8 20. Bf5 {1-0 (63) Lintchevski,D (2555)-Costachi,M (2471) Chess.com INT 2021}) 14... Qxd6 15. Ne2 Rb8 (15... c5 $5) 16. b3 a5 17. c4 Be6 18. Nf4 d4 19. c5 Qxc5 20. Rc1 $1 Qa3 21. Rxc6 Bd7 $2 {[%emt 0:00:05][%mdl 8192] [#]} (21... Qxa2 $14 22. Nxe6 Rxe6) 22. Rxf6 $1 $18 gxf6 23. Nh5 {[%emt 0:00:05] Inhibits f5. Black must now prevent Qg3+.} Qd6 24. Nxf6+ (24. Qxf6 $142 Qxf6 25. Nxf6+ Kg7 26. Nxd7) 24... Kg7 25. Nxe8+ Rxe8 26. Bc4 Be6 27. Bxe6 Rxe6 $16 {[%emt 0:00:05][%mdl 4096] Endgame KQR-KQR} 28. Rd1 Kf8 {[%emt 0:00:05] [#]} (28... Re5 $16 29. Qg3+ (29. Qg4+ Kf8 $16) 29... Kf8) 29. Qa8+ $1 $18 Re8 30. Qxa5 d3 31. Qc3 {[%emt 0:00:05] Inhibits Qd4. Qh8+ is the strong threat.} Rd8 32. b4 d2 33. Qc5 Qxc5 34. bxc5 {KR-KR} Ke7 35. Kf1 Rd5 36. Ke2 Rxc5 37. Rxd2 ({Don't do} 37. Kxd2 Rg5 38. Rg1 Rd5+ 39. Ke3 Re5+ 40. Kf3 Ra5 41. Re1+ Kd6) 37... Ra5 38. Rb2 Kf6 39. f4 (39. Kd2 $18) 39... Ra3 40. Kf2 (40. Kd1 $142) 40... h5 (40... Kf5 $142) 41. Ke1 $16 Kg6 (41... Kf5 $142) 42. Kd1 Kf5 {[%emt 0:00:05] [#]} 43. Rf2 Ke4 44. Kc1 (44. f5 $142) 44... f5 45. Kb2 Rg3 (45... Ra8 $16 {keeps fighting.}) 46. a4 $18 Rg8 47. Kc3 {[%emt 0:00:05] And now Kc4 would win.} Ke3 48. Rf3+ ({White should try} 48. Ra2 $18) 48... Ke2 $2 (48... Ke4 $11) 49. Kd4 Rxg2 50. Ra3 {[%emt 0:00:10] Weighted Error Value: White=0.25 (precise) /Black=0.30} 1-0

[Event "Romanian Rapid Open 2022"]
[Site "Sebes"]
[Date "2022.12.02"]
[Round "6.20"]
[White "Tamas, Christian-Arrydan"]
[Black "Cnejev, Vladimir-Alexandru"]
[Result "0-1"]
[ECO "D36"]
[WhiteElo "1917"]
[BlackElo "2293"]
[Annotator "TA"]
[PlyCount "52"]
[EventDate "2022.12.02"]
[EventType "rapid"]
[EventCountry "ROU"]
[SourceTitle "playchess.com"]
[Source "ChessBase"]
[SourceQuality "1"]
[TimeControl "600+5"]

1. d4 d5 2. c4 e6 3. Nc3 Nf6 4. cxd5 exd5 5. Bg5 c6 6. e3 Be7 7. Bd3 h6 8. Bh4 O-O 9. Qc2 Re8 10. Nf3 Nbd7 11. O-O Ne4 12. Bxe4 Bxh4 13. Bh7+ Kh8 14. Nxh4 {[%emt 0:00:00] D36: Queen's Gambit Declined: Exchange Variation: Main line (5 Bg5 c6 6 Qc2).} Qxh4 15. Bd3 Nf6 16. Ne2 {[%emt 0:00:00] [#] White is slightly better. 16.Rae1 is the modern continuation.} Bd7 $146 ({Predecessor:} 16... Ng4 17. h3 Nf6 18. Ng3 g6 19. b4 h5 20. Rfe1 Qg5 21. Kh1 Bd7 22. Rab1 Kg7 {0-1 (54) Anton Guijarro,D (2673)-Firouzja,A (2759) chess24.com INT 2021}) 17. Rab1 Ne4 18. Bxe4 Rxe4 (18... Qxe4 {simplifies} 19. Qxe4 Rxe4 20. Rfc1 g5) 19. b4 Qg5 20. a4 a6 21. b5 (21. Nf4 $11) 21... axb5 (21... cxb5 $15 22. Qc7 Bc6) 22. axb5 $11 h5 ({Don't take} 22... cxb5 23. Qc7 Bh3 24. Qg3 $16 (24. Ng3 Re7 $16)) 23. bxc6 bxc6 24. Rb7 Rd8 25. Ng3 {[%emt 0:00:13] Against h4} ({Better is} 25. Nf4 $16) 25... Re7 26. Rfb1 (26. f4 $11 Qg4 27. Qf2) 26... h4 {[%emt 0:00:32] Weighted Error Value: White=0.27 (precise) /Black=0.21 (precise)} 0-1

[Event "Romanian Rapid Open 2022"]
[Site "Sebes"]
[Date "2022.12.02"]
[Round "6.21"]
[White "Nastore, Pavel-Alexandru"]
[Black "Borodi, Cosmin-Alin"]
[Result "1-0"]
[ECO "D02"]
[WhiteElo "2218"]
[BlackElo "1919"]
[Annotator "TA"]
[PlyCount "85"]
[EventDate "2022.12.02"]
[EventType "rapid"]
[EventCountry "ROU"]
[SourceTitle "playchess.com"]
[Source "ChessBase"]
[SourceQuality "1"]
[TimeControl "600+5"]

1. d4 d5 2. Nf3 Bg4 3. g3 Bxf3 4. exf3 e6 5. Bg2 Nf6 6. O-O {[%emt 0:00:02] D02: 1 d4 d5 2 Nf3 sidelines, including 2...Nf6 3 g3 and 2...Nf6 3 Bf4.} Nbd7 7. f4 Be7 {[%emt 0:00:21] [#]} 8. Re1 $146 {[%emt 0:00:08][%cal Oc2c4] White is slightly better.} ({Predecessor:} 8. f5 exf5 9. Qd3 O-O 10. Qxf5 c6 11. c3 Re8 12. Bf4 Nf8 13. Nd2 Ng6 14. Bg5 {1-0 (54) Rottenwohrer Suarez,J (2196)-Demerson Joly,J (1959) Madrid 2021}) 8... O-O 9. Nd2 c5 10. Nf3 cxd4 11. Nxd4 Bc5 12. Nb3 Rc8 13. Nxc5 Nxc5 14. Be3 b6 15. Bd4 Nce4 16. Rc1 Rc4 (16... Nd6 $14) 17. b3 $16 Rc8 18. c4 Nc5 19. Bxf6 Qxf6 20. cxd5 exd5 21. Qxd5 (21. Bxd5 $16 {Hoping for b4.} a5 22. Re5) 21... Rcd8 $1 $11 {[%emt 0:00:14] [#] Against b4} 22. Rxc5 Rxd5 (22... bxc5 23. Qxc5) 23. Rxd5 Qb2 ({Better is} 23... g6 $11) 24. Rd7 $14 Qxa2 25. Bd5 $1 {[%emt 0:00:14][%cal Od7f7] Black must now prevent Rxf7!} Qa5 {[%emt 0:00:58] White stays focused until the end.} (25... h6 $14) 26. Ree7 $16 Qa1+ 27. Kg2 {[%emt 0:00:02][%cal Re7f7] Active counter play!} Qf6 28. Rxa7 (28. Bxf7+ $6 Kh8 29. Bd5 (29. Rxa7 Qc6+ 30. Kf1 Rd8 $11) 29... a5 $16) 28... h5 $2 (28... Kh8 {might work better.} 29. h4 (29. Rxf7 Rxf7 30. Rxf7 Qd6 $16) (29. Bxf7 Qc6+ 30. Kf1 Qh1+ 31. Ke2 Qxh2 $14) 29... b5) 29. Rxf7 Rxf7 30. Rxf7 $18 {[%emt 0:00:02][%mdl 4096] Endgame KQ-KRB} ({Less strong is} 30. Bxf7+ Kf8 $16) 30... Qd4 31. Rf5+ Kh7 32. Rxh5+ Kg6 33. Rg5+ Kf6 34. h4 b5 $2 (34... Ke7 35. Bf3 Qf6) 35. Re5 {[%emt 0:00:29] [#] h5 is the strong threat.} g6 36. Bc6 b4 37. Bd5 Qc3 $2 (37... Qd3 38. h5 gxh5 39. Rxh5 Kg7) 38. Re6+ Kg7 39. Re7+ (39. Be4 $142) 39... Kh6 (39... Kf8 $18 40. Re5 Qd4) 40. g4 {[%emt 0:00:16][%cal Bg3g4,Bg4g5][%mdl 32] White mates.} Qd4 41. g5+ Kh5 42. Bf3+ Kxh4 43. Rh7# {[%emt 0:00:00] Weighted Error Value: White=0.37/Black=0.60} 1-0

[Event "Romanian Rapid Open 2022"]
[Site "Sebes"]
[Date "2022.12.02"]
[Round "6.22"]
[White "Craciun, Ovidiu"]
[Black "Teodorescu, Razvan"]
[Result "0-1"]
[ECO "B35"]
[WhiteElo "1857"]
[BlackElo "2118"]
[Annotator "TA"]
[PlyCount "61"]
[EventDate "2022.12.02"]
[EventType "rapid"]
[EventCountry "ROU"]
[SourceTitle "playchess.com"]
[Source "ChessBase"]
[SourceQuality "1"]
[TimeControl "600+5"]

1. e4 c5 2. Nf3 Nc6 3. Nc3 g6 4. d4 cxd4 5. Nxd4 Bg7 6. Be3 Nf6 7. Bc4 Qa5 8. Bb3 $2 {[%emt 0:00:49] B35: Sicilian: Accelerated Dragon with 5 Nc3: main line.} (8. O-O $14 {keeps the upper hand.}) 8... Nxe4 $17 9. Qf3 Nf6 (9... Nxd4 $2 10. Qxf7+ (10. Qxe4 $2 {loses.} Nxb3 11. cxb3 Bxc3+ 12. bxc3 Qxc3+ 13. Ke2 Qc6 $17) 10... Kd8 11. Qxg7 $18) 10. O-O-O {[%emt 0:00:09] Black is better.} O-O 11. h3 {[%emt 0:00:35] [#]} a6 $146 ({Black should try} 11... e6 $17 12. Nxc6 bxc6) ({Predecessor:} 11... Ne5 12. Qe2 d6 13. f4 Nc6 14. g4 Bd7 15. Rhg1 Rac8 16. h4 Nb4 17. a3 Nbd5 18. Nxd5 Nxd5 {1-0 (32) Gora,J (1761)-Adamowicz,M (1862) Sielpia 2009}) 12. g4 {[%emt 0:00:05] Against d5} Nxd4 (12... e6 $15) 13. Bxd4 $14 e5 (13... d6 $14) 14. Be3 $16 {[%emt 0:00:25][%mdl 1024] White has strong compensation.} Rb8 15. Ba7 {[%emt 0:00:10] Prevents b5.} Ra8 16. Be3 ({White should play} 16. g5 $16 Ne8 17. Qe3) 16... Qc7 $2 (16... Rb8 $1 $11 {and Black has nothing to worry.}) 17. Qg3 $2 ({Better is} 17. g5 $18 Nh5 18. Nd5) 17... d6 18. f4 (18. Bg5 $1 $14) 18... b5 $11 19. Rhf1 {[%emt 0:00:52] [#] Black must now prevent fxe5.} Bb7 (19... b4 $11 20. fxe5 dxe5) 20. fxe5 $14 dxe5 21. Bg5 (21. Qh4 $14 Ne4 22. Nd5 Bxd5 23. Bxd5) 21... Ne4 22. Nxe4 Bxe4 23. Qe3 Bb7 (23... Qb7 $1 $11) 24. h4 (24. Rd2 $16) 24... a5 $1 $36 {[%emt 0:00:23][%cal Ba6a5,Ba5b4,Bb4c3][%mdl 2080] ...a4 is the strong threat. Black has good play.} 25. a3 $1 Rac8 26. c3 $2 {[%emt 0:00:17][%mdl 8192] [#]} (26. Rf2 $1 $11 {and White stays safe.}) 26... b4 $1 $19 27. axb4 axb4 28. h5 $2 (28. c4 {is a better defense.}) 28... bxc3 {[%emt 0:00:20] Black is clearly winning.} 29. hxg6 hxg6 {[%emt 0:00:38] And now ...c2 would win.} 30. Bf6 Qa5 {[%emt 0:00:54] ( -> ...Qa1+)} 31. Bc2 {[%emt 0:01:06] Quite a comeback for Black.   Weighted Error Value: White=1.00/Black=0.39} 0-1

[Event "Romanian Rapid Open 2022"]
[Site "Sebes"]
[Date "2022.12.02"]
[Round "6.23"]
[White "Vasilca, Cornel"]
[Black "Ciolacu, Alessia-Mihaela"]
[Result "0-1"]
[ECO "C55"]
[WhiteElo "1520"]
[BlackElo "2097"]
[Annotator "TA"]
[PlyCount "78"]
[EventDate "2022.12.02"]
[EventType "rapid"]
[EventCountry "ROU"]
[SourceTitle "playchess.com"]
[Source "ChessBase"]
[SourceQuality "1"]
[TimeControl "600+5"]

1. e4 e5 2. Nf3 Nc6 3. Bc4 Nf6 4. d3 h6 5. a3 d6 6. h3 {[%emt 0:00:06] C55: Two Knights: 4 d3, 4 d4 exd4 5 e5 and Max Lange Attack.} g6 7. Be3 Bg7 8. Nc3 {[%emt 0:00:05] [#] Inhibits d5. The position is equal.} Nh5 $146 ({Predecessor:} 8... a6 9. Qd2 Nd7 10. O-O f5 11. exf5 gxf5 12. Rae1 Nf6 13. d4 e4 14. Nh4 d5 {0-1 (56) Shimanov,A (2581)-Pultinevicius,P (2539) Chess.com INT 2022}) 9. Qd2 Nd4 {[%emt 0:00:12] Prevents g4.} 10. Bxd4 exd4 11. Ne2 c5 12. g4 Nf6 13. O-O-O Bd7 14. e5 Nh7 15. exd6 Bc6 {[%emt 0:00:08] [#]} (15... O-O $14) 16. Neg1 $2 ({Only move:} 16. Nexd4 $1 $18 cxd4 (16... O-O 17. Nxc6) 17. Rhe1+ Kd7 18. Re7+ Kc8 19. Rxf7) 16... O-O $17 {[%emt 0:00:12] Threatens to win with ...b5.} 17. Rh2 $2 (17. Qf4 $17) 17... Qxd6 $19 18. Rg2 Qf6 (18... b5 $19 19. Ba2 c4 20. dxc4 bxc4 21. Bxc4 Rfc8) 19. Rg3 $17 b5 $36 {[%emt 0:00:22][%mdl 2048] Black is on the roll.} 20. Bb3 a5 21. g5 hxg5 22. Nxg5 $2 (22. Ba2 {was called for.}) 22... Nxg5 $19 23. Rxg5 Bh6 {[%emt 0:00:18] A strong pair of Bishops.} 24. h4 a4 25. Ba2 b4 26. Nh3 Bxg5 27. hxg5 (27. Qxg5 Qxg5+ 28. hxg5) 27... Qf5 28. Nf4 Qxg5 {[%emt 0:00:21] aiming for ...Bf3.} 29. Nd5 Qxd2+ 30. Kxd2 Bxd5 31. Bxd5 {[%emt 0:00:02][%mdl 4096] Endgame KRR-KRB} Ra6 32. axb4 $2 (32. Re1) 32... cxb4 33. Rg1 a3 34. Bc4 Rf6 35. bxa3 bxa3 36. Rg2 Kg7 37. c3 Ra8 {[%emt 0:00:11] ( -> ...a2)} 38. Ba2 Rb6 39. Bc4 a2 {[%emt 0:00:05] Weighted Error Value: White=0.94/Black=0.25 (precise)} 0-1

[Event "Romanian Rapid Open 2022"]
[Site "Sebes"]
[Date "2022.12.02"]
[Round "6.24"]
[White "Cazan, Mircea-Andrei"]
[Black "Tampea, Radu"]
[Result "0-1"]
[ECO "A00"]
[WhiteElo "1898"]
[BlackElo "2110"]
[Annotator "TA"]
[PlyCount "109"]
[EventDate "2022.12.02"]
[EventType "rapid"]
[EventCountry "ROU"]
[SourceTitle "playchess.com"]
[Source "ChessBase"]
[SourceQuality "1"]
[TimeControl "600+5"]

1. g3 d5 2. Bg2 e5 3. d3 Nc6 4. Nd2 Be6 5. c3 Qd7 6. b4 {[%emt 0:00:01][%cal Bb2b4,Bb4b5][%mdl 32] A00: Irregular Openings.} f6 {[%emt 0:00:05] [#]} 7. a4 $146 ({Predecessor:} 7. Nb3 h5 8. h4 Nh6 9. Nc5 Bxc5 10. bxc5 Ng4 11. Nf3 Qe7 12. d4 e4 13. Nh2 Nxh2 14. Rxh2 {0-1 (60) Shengelia,D (2565)-Moser,E (2433) Vienna 2013}) 7... g5 8. b5 {[%emt 0:00:01] The position is equal.} Na5 9. Qc2 (9. h4 $5 ) 9... h5 10. h4 g4 11. e3 Ne7 12. Ne2 Bg7 13. Bb2 (13. Ba3 $14) 13... O-O 14. c4 dxc4 (14... c5 $11) 15. Nxc4 $14 Nxc4 16. dxc4 Rad8 17. O-O (17. Ba3 {keeps more tension.} c6 18. O-O Qc7 19. bxc6 bxc6 20. Rad1) 17... Qd2 {[%emt 0:00:14] Inhibits Rfd1.} 18. Rac1 (18. Rfc1 {simplifies} Qxc2 19. Rxc2 b6 20. Nc3) 18... Bf5 19. e4 (19. Qxd2 $14 Rxd2 20. Ba3) 19... Be6 $11 20. Ba3 {[%emt 0:00:42] Against c5} Kf7 21. Rfe1 (21. Nc3 {simplifies} Qxc2 22. Rxc2 c6 23. Rb1) 21... Bh6 (21... Qxc2 {simplifies} 22. Rxc2 Bh6 23. Bf1 Rfe8) 22. Qb1 (22. Bf1 $11) 22... Qd3 $1 $17 23. Rc3 {[%emt 0:00:53] [#]} Qxb1 24. Rxb1 Rd2 25. Bf1 Rfd8 26. Bc1 {[%emt 0:00:03] Inhibits f5.} (26. a5 $142) 26... Rd1 27. Rb2 Bxc1 {[%emt 0:00:05] Black has more active pieces.} 28. Nxc1 R8d4 29. Kg2 Rxe4 30. Be2 Re1 ({Black should try} 30... Rd8 31. f3 Red4) 31. f3 Rd4 32. Kf2 Rh1 {[%emt 0:00:03] Threatens to win with ...gxf3.} 33. Kg2 Re1 (33... Rh3 $15 34. Nb3 Rd6) 34. Kf2 $1 $11 Rh1 (34... Rxe2+ $11 35. Nxe2 Rd1) 35. Kg2 $1 $17 Rh3 $36 {[%emt 0:00:00][%mdl 2048] White is under pressure.} 36. Nb3 Rd8 37. Nc5 {[%emt 0:00:05] [#] Black must now prevent Nxe6.} Bc8 (37... f5 $1 $17 38. a5 Bc8) 38. Ne4 $11 {[%emt 0:00:17][%mdl 1024] White has compensation.} Rd4 (38... Nf5 $11 {remains equal.}) 39. Nc5 $2 (39. Nf2 $16 {is necessary to keep the advantage.}) 39... Ng6 $19 40. Nb3 Rd8 {[%emt 0:00:03][%cal Og6h4] And now ...Nxh4+! would win.} 41. Nc5 $2 (41. Rd2 {is tougher.} Re8 42. c5) 41... f5 42. fxg4 fxg4 (42... hxg4 $19 43. Kf2 Nxh4) 43. Ne4 $1 $11 b6 $2 (43... Nf4+ $1 $11 44. gxf4 Rxc3 45. Nxc3 exf4) 44. Ng5+ $18 Kg7 45. Nxh3 gxh3+ 46. Kh2 Ne7 $2 (46... Bg4 47. Re3 Rd6) 47. Bxh5 Nf5 48. Bg4 Rd4 49. Bxf5 Bxf5 {[%emt 0:00:01][%mdl 4096] Endgame KRR-KRB} 50. Rf2 {[%emt 0:00:07] Prevents e4.} Kg6 (50... Bg4 51. c5 Kg6 52. cxb6 cxb6 53. Rc6+ Kh5) 51. Rcf3 Bg4 52. Rf6+ Kg7 53. Rc6 (53. Rf7+ $142 Kg8 54. Rxc7) 53... Rd7 54. c5 {[%emt 0:00:03][%cal Bc4c5,Bc5b6][%mdl 32] Strongly threatening cxb6.} e4 55. cxb6 {[%emt 0:00:33][%mdl 32768] Both players deserved the win here.   Weighted Error Value: White=0.41/Black=0.50. Loss on time!?} 0-1

[Event "Romanian Rapid Open 2022"]
[Site "Sebes"]
[Date "2022.12.02"]
[Round "6.25"]
[White "Sandru, Nicolae"]
[Black "Oltean, Cristian-Daniel"]
[Result "0-1"]
[ECO "A40"]
[WhiteElo "1647"]
[BlackElo "1896"]
[Annotator "NA RC COMBH"]
[PlyCount "88"]
[EventDate "2022.12.02"]
[EventType "rapid"]
[EventCountry "ROU"]
[SourceTitle "playchess.com"]
[Source "ChessBase"]
[SourceQuality "1"]
[TimeControl "600+5"]

1. d4 g6 2. Bf4 Bg7 3. e3 f5 4. h3 Nf6 5. Nd2 d6 6. Bc4 e6 7. Ngf3 O-O 8. a3 Kh8 9. O-O Qe8 10. Bh2 Ne4 11. c3 Nd7 12. Bb3 Nxd2 13. Qxd2 e5 14. Ng5 Nb6 15. Nf3 e4 16. Ne1 Be6 17. d5 Bd7 18. Nc2 Bb5 19. Rfe1 Bc4 20. Nd4 Bxb3 21. Nxb3 Qb5 22. Qc2 Qxd5 23. Rad1 Qf7 24. Nd4 Be5 25. b3 a6 26. c4 Nd7 27. b4 Bxh2+ 28. Kxh2 Ne5 29. c5 Nd3 30. Re2 d5 31. Rxd3 exd3 32. Qxd3 Rae8 33. Qc3 Qf6 34. a4 f4 35. Rc2 fxe3 36. fxe3 Qe5+ 37. g3 Qxe3 38. Qb2 Qe5 39. Re2 Qf6 40. Rd2 h6 41. b5 axb5 42. Qxb5 Re1 43. Qb2 Kh7 44. Qxb7 Qf2+ 0-1